 Dungeon Crawl Stone Soup version 0.29-a0-1027-gcd8c55af63 (webtiles) character file.

Game seed: 9660588253063819223

1 DungeonMaster the Grave Robber (level 1, 0/15 HPs)
             Began as a Demonspawn Wanderer on Aug 12, 2022.
             Frozen to death by an endoplasm (1 damage)
             ... on level 1 of the Dungeon.
             The game lasted 00:00:59 (126 turns).

DungeonMaster the Grave Robber (Demonspawn Wanderer) Turns: 126, Time: 00:01:00

Health: 0/15       AC:  2    Str: 11    XL:     1   Next: 16%
Magic:  3/3        EV: 11    Int: 15    God:
Gold:   22         SH:  0    Dex: 11    Spells: 3/4 levels left

rFire   . . .      SeeInvis .   a - +0 club
rCold   . . .      Faith    .   (no shield)
rNeg    . . .      Spirit   .   b - +0 robe
rPois   .          Reflect  .   (no helmet)
rElec   .          Harm     .   (no cloak)
rCorr   .          Rampage  .   (no gloves)
Will    .....                   (no boots)
Stlth   +.........              (no amulet)
HPRegen 0.05/turn               (no ring)
MPRegen 0.08/turn               (no ring)

@: no status effects
A: no striking features
a: no special abilities


You were on level 1 of the Dungeon.
You visited 1 branch of the dungeon, and saw 1 of its levels.

You collected 22 gold pieces.

Inventory:

Hand Weapons
 a - a +0 club (weapon)
Missiles
 e - 7 stones (quivered)
Armour
 b - a +0 robe (worn)
Scrolls
 c - 3 scrolls of teleportation
 d - a scroll of magic mapping {unknown}


   Skills:
 * Level 1.0 Fighting
 * Level 1.0 Dodging
 - Level 1.0 Stealth
 * Level 2.0 Spellcasting
 - Level 1.0 Hexes
 - Level 4.3 Necromancy


You had 3 spell levels left.
You knew the following spells:

 Your Spells              Type           Power      Damage    Failure   Level
a - Necrotise             Necr           56%        1d6       3%          1

Your spell library contained the following spells:

 Spells                   Type           Power      Damage    Failure   Level
 Sublimation of Blood     Necr           14%        N/A       5%          2
 Vampiric Draining        Necr           14%        2d7       11%         3
 Slow                     Hex            16%        N/A       14%         1
 Confusing Touch          Hex            4%         N/A       41%         3


Dungeon Overview and Level Annotations

Branches:
Dungeon (1/15)

Altars:


Message History

Casting: Necrotise (safe; 3% risk of failure)
Confirm with . or Enter, or press ? or * to list all spells.
Aiming: Necrotise (safe; 3% risk of failure)
Press: ? - help, Shift-Dir - straight line, f/p - goblin
Aim: a goblin, wielding a +0 dagger (chance to affect: 84%)
The goblin writhes in agony.
You kill the goblin!
The dead are walking!
You see here a +0 dagger.
Your goblin skeleton crumbles into dust!
e - 7 stones
c - 3 scrolls of teleportation (gained 1)
You now have 14 gold pieces.
An endoplasm comes into view.
The endoplasm quivers.
You see here 8 gold pieces.
You now have 22 gold pieces (gained 8).
Found 7 gold pieces.
The endoplasm freezes you.
You are frozen.
You hit the endoplasm.
The endoplasm is lightly wounded.
The endoplasm freezes you.
You are frozen.
You hit the endoplasm.
The endoplasm is heavily wounded.
The endoplasm freezes you.
You are frozen.
You hit the endoplasm.
The endoplasm is almost dead.
The endoplasm freezes you.
You are frozen.
* * * LOW HITPOINT WARNING * * *
You hit the endoplasm but do no damage.
The endoplasm is almost dead.
The endoplasm hits you.
* * * LOW HITPOINT WARNING * * *
The endoplasm freezes you.
You are frozen.
You die...

# #.#..# #..#........ .
#.##.#..####..#.####...
..
#......................
#..#.#..........######.
# #.........#..#
###..####.#..#
#..###..#.......#
.................
...####.#@......## .
#.#J......# ...........
...........#
#######....$. ..#.##
....# ....#


You could see an endoplasm.

Vanquished Creatures
  A goblin (D:1)
1 creature vanquished.

Notes
Turn   | Place    | Note
-------+----------+-------------------------------------------
     0 | D:1      | DungeonMaster the Demonspawn Wanderer began the quest for
                  | the Orb.
     0 | D:1      | DungeonMaster set off with the following items: a +0 club,
                  | a +0 robe, 2 scrolls of teleportation; and the following
                  | spells available to memorise: Necrotise, Sublimation of
                  | Blood, Vampiric Draining, Slow, Confusing Touch.
     0 | D:1      | Reached XP level 1. HP: 15/15 MP: 3/3
     2 | D:1      | Learned a level 1 spell: Necrotise
   126 | D:1      | Frozen to death by an endoplasm

Illustrated notes

Levels and vault maps discovered:
D:1:      dpeg_arrival_simpleton_c, layout_basic, serial_corexii_hall,
          corexii_hall_statues_x, corexii_hall_statues_l,
          corexii_hall_statues_deadend, corexii_hall_statues_l,
          corexii_hall_statues_u, corexii_hall_statues_i,
          shapermc_ecumenical_altar_rom_forum

Action                   || total
-------------------------++-------
Melee: Club              ||     4
 Cast: Necrotise         ||     2
Armor: Robe              ||     1

Table legend: (Time is in decaauts)
 A = Elapsed time spent in this place.
 B = Non-inter-level travel time spent in this place.
 C = Inter-level travel time spent in this place.
 D = Time resting spent in this place.
 E = Time spent auto-exploring this place.
 F = Levels seen in this place.
 G = Mean time per level.
                   A        B        C        D        E       F      G
               +--------+--------+--------+--------+--------+-----+--------+
         Total |    126 |    126 |      0 |      0 |    104 |   1 |  126.0 |
       Dungeon |    126 |    126 |      0 |      0 |    104 |   1 |  126.0 |
               +--------+--------+--------+--------+--------+-----+--------+

Top non-repeatable levels by time:
     D:1: 126 daAuts
